 Dungeon Crawl Stone Soup version 0.31-a0-818-ge7c7cf74f0 (webtiles) character file.

Game seed: 17070424913525233710

3357 dialectric the Cleaver (level 9, -6/79 HPs)
             Began as a Minotaur Fighter on Sept 22, 2023.
             Was a Believer of Makhleb.
             Killed from afar by an acid dragon (32 damage)
             ... with a splash of acid
             ... on level 10 of the Dungeon.
             The game lasted 00:08:30 (5600 turns).

dialectric the Cleaver (Minotaur Fighter)           Turns: 5600, Time: 00:08:31

Health: -6/79      AC: 10    Str: 33    XL:     9   Next: 73%
Magic:  8/8        EV: 13    Int:  5    God:    Makhleb [**....]
Gold:   333        SH:  0    Dex: 16    Spells: 8/8 levels left

rFire   . . .        e - +2 hand axe (flame)
rCold   + . .        (no shield)
rNeg    . . .        z - +0 scale mail of Dofroc {Harm *Slow Fly Str+8}
rPois   .            (helmet restricted)
rElec   .            p - +0 cloak
rCorr   .            (no gloves)
SInv    .            (no boots)
Will    .....        k - amulet of the acrobat Stlth
                     m - +6 ring of dexterity
HPRegen 0.33/turn    q - ring of protection from cold
MPRegen 0.11/turn

%: slow self (1%), harm (+30% outgoing, +20% incoming), acrobat
@: flying, slowed, very slow
A: horns 2, retaliatory headbutt
a: Renounce Religion, Minor Destruction


You were on level 10 of the Dungeon.
You worshipped Makhleb.
Makhleb was pleased with you.
You visited 2 branches of the dungeon, and saw 11 of its levels.

You collected 333 gold pieces.

Inventory:

Hand Weapons
 a - a +0 long sword
 e - a +2 hand axe of flaming (weapon)
 u - a +0 quarterstaff
Missiles
 H - a throwing net
 J - 5 curare-tipped darts (quivered)
Armour
 b - a +0 scale mail
 c - a +0 buckler
 p - a +0 cloak (worn)
 z - the +0 scale mail of Dofroc (worn) {Harm *Slow Fly Str+8}
   (You found it on level 6 of the Dungeon)

   Str+8:     It affects your strength (+8).
   Fly:       It grants you flight.
   *Slow:     It may slow you when you take damage.
   Harm:      It increases damage dealt and taken.
 A - +0 steam dragon scales
Jewellery
 d - an amulet of reflection
 k - an amulet of the acrobat (around neck)
 m - a +6 ring of dexterity (left hand)
 q - a ring of protection from cold (right hand)
 y - a +4 ring of protection
 I - an amulet of guardian spirit
Talismans
 x - a flux talisman
Wands
 l - a wand of iceblast (21)
 n - a wand of digging (5)
 o - a wand of flame (16)
 s - a wand of polymorph (7)
 t - a wand of charming (1)
Scrolls
 f - 2 scrolls of identify
 i - 2 scrolls of immolation {unknown}
 j - a scroll of revelation {unknown}
 v - a scroll of amnesia {unknown}
 E - 2 scrolls of enchant armour {unknown}
 G - a scroll of teleportation {unknown}
Potions
 g - 2 potions of attraction
 h - a potion of lignification
 r - a potion of magic
 w - 2 potions of berserk rage
 B - a potion of curing
 C - a potion of cancellation
 D - a potion of heal wounds
 F - 2 potions of enlightenment {unknown}
 K - a potion of invisibility {unknown}


   Skills:
 + Level 7.5 Fighting
 - Level 3.0 Long Blades
 + Level 10.1 Axes
 + Level 10.1 Armour
 + Level 4.5 Dodging
 - Level 0.1 Stealth
 - Level 4.5 Shields
 + Level 0.2 Evocations


You had 8 spell levels left.
You didn't know any spells.
Your spell library contained the following spells:

 Spells                   Type           Power      Damage    Failure   Level
 Sandblast                Erth           0%         2d4       67%         1
 Passwall                 Tmut/Erth      0%         N/A       80%         2
 Frozen Ramparts          Ice            0%         1d1       95%         3
 Stone Arrow              Conj/Erth      0%         3d7       95%         3
 Brom's Barrelling Bould  Conj/Erth      0%         2d3       100%        4
 Petrify                  Tmut/Erth      0%         N/A       100%        4
 Metabolic Englaciation   Hex/Ice        0%         N/A       100%        5


Dungeon Overview and Level Annotations

Branches:
Dungeon (10/15)            Temple (1/1) D:5            Lair (0/5) D:9
    Orc (0/2) D:10

Altars:
Ashenzari
Cheibriados
Dithmenos
Elyvilon
Fedhas
Gozag
Hepliaklqana
Kikubaaqudgha
Makhleb
Nemelex Xobeh
Okawaru
Qazlal
Ru
Trog
Uskayaw
Vehumet
Wu Jian
Xom
Zin
The Shining One

Shops:
D:1 :   D:3 [   D:5 =


Innate Abilities, Weirdness & Mutations

You have a pair of horns on your head.
You reflexively headbutt those who attack you in melee.


Message History

Maggie gestures at you while chanting. The bolt of fire hits you!!
You slash Maggie! You burn Maggie. You headbutt Maggie, but do no damage.
Maggie is severely wounded.
Maggie closely misses you.
You completely miss Maggie.
Maggie is severely wounded.
Maggie hits you but does no damage.
An acid dragon comes into view.
Maggie closely misses you.
The acid dragon roars!
You slash Maggie! You burn Maggie. You headbutt Maggie!
You kill Maggie!
Makhleb accepts your kill.
Your Axes skill increases to level 10!
Things that are here:
a +0 glaive of flaming; +0 steam dragon scales
Found a staircase to the Orcish Mines.
The acid dragon spits acid at you. The splash of acid hits you!!
You are too injured to fight recklessly!
You are too injured to fight recklessly!
You are too injured to fight recklessly!
You are too injured to fight recklessly!
You are too injured to fight recklessly!
You are too injured to fight recklessly!
You are too injured to fight recklessly!
You are too injured to fight recklessly!
You are too injured to fight recklessly!
Unknown command.
Found 5 stones and 11 gold pieces.
The acid dragon completely misses you. You furiously retaliate!
You headbutt the acid dragon. The acid dragon closely misses you.
You slash the acid dragon! You burn the acid dragon.
The acid dragon is severely wounded.
The acid dragon closely misses you. You furiously retaliate!
You headbutt the acid dragon. The acid dragon barely misses you.
The acid dragon spits acid at you. The splash of acid hits you!!
You die...

......$.... ....>.....
(........ .. .......
... .....## ....
##.....# . .....#
##..D..##
###.##.....##..@....#
...#.#...........##..#
..........###.)...# .#
.......... ##.....#
.........###.....##
#.>......))......#
##.....?...).........
#....................
##.[......##.....#...≈


You could see an acid dragon (catching breath).

Vanquished Creatures
  Maggie (D:10)
  Grinder (D:5)
  A hornet (D:9)
  A steam dragon (D:6)
  An orc warrior (D:10)
  A sky beast (D:4)
  A black bear (D:6)
  An ice beast (D:6)
  2 centaurs
  3 ogres
  2 kobold brigands
  A phantom (D:6)
  A bullfrog (D:8)
  A scorpion (D:6)
  6 killer bees (D:9)
  4 howler monkeys
  A gnoll bouda (D:9)
  9 hounds
  A jelly (D:4)
  5 orc priests
  2 sleepcaps
  2 iguanas
  7 orc wizards
  9 adders
  6 gnolls
  2 shadow imps
  A white imp (D:7)
  An ufetubus (D:5)
  3 dart slugs
  25 orcs
  7 ball pythons
  3 bats
  5 endoplasms
  5 giant cockroaches
  5 hobgoblins
  9 jackals (D:1)
  19 kobolds
  4 quokkas
  4 frilled lizards
  5 goblins
  10 rats
  A spectral goblin (D:6)
179 creatures vanquished.

Notes
Turn   | Place    | Note
-------+----------+-------------------------------------------
     0 | D:1      | dialectric the Minotaur Fighter began the quest for the
                  | Orb.
     0 | D:1      | Reached XP level 1. HP: 19/19 MP: 0/0
    74 | D:1      | Reached XP level 2. HP: 27/27 MP: 1/1
    98 | D:1      | Found Omenn's Book Boutique.
   213 | D:1      | Reached XP level 3. HP: 33/33 MP: 2/2
   215 | D:1      | Found a faded altar of an unknown god.
   924 | D:3      | Found an ancient bone altar of Kikubaaqudgha.
  1105 | D:3      | Reached XP level 4. HP: 25/40 MP: 3/3
  1154 | D:3      | Noticed an ogre
  1159 | D:3      | Killed an ogre
  1160 | D:3      | Reached skill level 5 in Armour
  1160 | D:3      | Reached skill level 1 in Dodging
  1160 | D:3      | Reached XP level 5. HP: 47/47 MP: 4/4
  1475 | D:3      | Found Jubberch's Antique Armour Shoppe.
  1721 | D:4      | Reached XP level 6. HP: 53/53 MP: 5/5
  1898 | D:4      | Noticed a sky beast
  1904 | D:4      | Killed a sky beast
  2285 | D:5      | Entered Level 5 of the Dungeon
  2290 | D:5      | Reached XP level 7. HP: 60/60 MP: 6/6
  2291 | D:5      | Found a staircase to the Ecumenical Temple.
  2319 | D:5      | Reached skill level 5 in Fighting
  2322 | D:5      | Reached skill level 5 in Axes
  2386 | D:5      | Noticed Grinder
  2562 | D:5      | Paralysed by Grinder for 4 turns
  2576 | D:5      | Killed Grinder
  2789 | D:5      | Reached XP level 8. HP: 50/69 MP: 7/7
  2916 | Temple   | Entered the Ecumenical Temple
  2921 | Temple   | Became a worshipper of Makhleb the Destroyer
  2933 | D:5      | Found Xuvok's Jewellery Shoppe.
  3157 | D:5      | Found a blossoming altar of Fedhas.
  3385 | D:6      | Identified the +0 scale mail of Dofroc {Harm *Slow Fly
                  | Str+8}
  3395 | D:6      | Found a radiant altar of Vehumet.
  3568 | D:6      | Reached * piety under Makhleb
  3780 | D:6      | Found a hazy altar of Hepliaklqana.
  3903 | D:6      | Found a broken altar of Ashenzari.
  4084 | D:6      | Found a glowing silver altar of Zin.
  4385 | D:7      | Reached XP level 9. HP: 58/78 MP: 8/8
  4588 | D:7      | Found a sacrificial altar of Ru.
  4637 | D:7      | Reached ** piety under Makhleb
  4701 | D:7      | Found a glowing golden altar of the Shining One.
  4895 | D:9      | Found a staircase to the Lair.
  5154 | D:9      | Identified the +1 robe of Shadows and Fog {rF+ Int-5
                  | Stlth+}
  5393 | D:9      | Found a stormy altar of Qazlal.
  5499 | D:10     | Entered Level 10 of the Dungeon
  5585 | D:10     | Noticed Maggie
  5588 | D:10     | Reached skill level 10 in Armour
  5596 | D:10     | Killed Maggie
  5597 | D:10     | Reached skill level 10 in Axes
  5598 | D:10     | Found a staircase to the Orcish Mines.
  5600 | D:10     | Killed from afar by an acid dragon

Illustrated notes

Levels and vault maps discovered:
D:1:      dpeg_arrival_brainrot, layout_rooms, nicolae_ecumenical_lake_church,
          serial_shops, shop
D:2:      layout_basic
D:3:      layout_loops_cross, nicolae_kikubaaqudgha_miasma_corner, serial_shops,
          nicolae_shop_trees
D:4:      cheibrodos_helix_gallery, layout_basic, minmay_increasing_density
D:5:      wander_river, layout_cave_pools, mainiacjoe_overflow_small_starburst,
          minmay_temple_entry_hall, serial_shops, shop, uniq_grinder
D:6:      layout_loops_ring, old_standard_altar, mainiacjoe_overflow_alcove_1,
          zin_academy, nicolae_hepliaklqana_monster_ancestors
D:7:      kennysheep_big_flooded_room, layout_rooms, lemuel_round_altar,
          nicolae_ru_great_annihilating_truth
D:8:      layout_loops_ring, yredelemnul_forgotten_temple_becter,
          chequers_decorated_corner
D:9:      layout_roguey, nicolae_qazlal_style_of_elements, lair_entry_dummy
D:10:     layout_cave_pools, nicolae_sif_muna_condensation, orc_0_dummy,
          uniq_erolcha, uniq_snorg, uniq_maggie
Temple:   minmay_freezing_vapour_temple

Skill      XL: |  1  2  3  4  5  6  7  8  9 |
---------------+----------------------------+-----
Fighting       | 4 5 6 7 |  7.5
Shields        | 4 |  4.5
Long Blades    | 3 |  3.0
Armour         | 4 5 6 8 9 10 | 10.1
Axes           | 2 4 5 8 10 | 10.1
Dodging        | 1 3 4 |  4.5
Stealth        | |  0.1
Evocations     | |  0.2

Action                     |  1- 3 |  4- 6 |  7- 9 || total
---------------------------+-------+-------+-------++-------
  Melee: Long sword        |    51 |       |       ||    51
         Headbutt          |    15 |    14 |    39 ||    68
         Hand axe          |    46 |    71 |   209 ||   326
         Punch             |     1 |       |     2 ||     3
  Evoke: Wand              |       |       |     1 ||     1
    Use: Potion            |       |     1 |       ||     1
         Scroll            |       |     3 |     5 ||     8
   Stab: Paralysed         |       |       |     1 ||     1
 Armour: Scale mail        |    74 |    47 |   135 ||   256
  Dodge: Dodged            |    58 |    51 |   147 ||   256
  Block: Other             |       |    19 |       ||    19

Table legend: (Time is in decaauts)
 A = Elapsed time spent in this place.
 B = Non-inter-level travel time spent in this place.
 C = Inter-level travel time spent in this place.
 D = Time resting spent in this place.
 E = Time spent auto-exploring this place.
 F = Levels seen in this place.
 G = Mean time per level.
                   A        B        C        D        E       F      G
               +--------+--------+--------+--------+--------+-----+--------+
         Total |   5636 |   5342 |    294 |    149 |   4054 |  11 |  512.4 |
       Dungeon |   5625 |   5336 |    289 |    149 |   4054 |  10 |  562.5 |
        Temple |     10 |      5 |      5 |      0 |      0 |   1 |   10.0 |
               +--------+--------+--------+--------+--------+-----+--------+

Top non-repeatable levels by time:
     D:6: 892 daAuts
     D:5: 876 daAuts
     D:4: 804 daAuts
     D:3: 762 daAuts
     D:1: 653 daAuts
     D:9: 649 daAuts
     D:7: 507 daAuts
     D:2: 265 daAuts
     D:8: 111 daAuts
    D:10: 103 daAuts
  Temple: 10 daAuts
